 Dungeon Crawl Stone Soup version 0.31-a0-1547-g618ab1f346 (webtiles) character file.

Game seed: 3757574541381142032

261 Pixllover the Digger (level 6, -1/34 HPs)
             Began as a Gargoyle Earth Elementalist on Jan 2, 2024.
             Slain by an ogre
             ... wielding a +0 giant club
              (13 damage)
             ... on level 4 of the Dungeon.
             The game lasted 00:09:00 (2790 turns).

Pixllover the Digger (Gargoyle Earth Elementalist)  Turns: 2790, Time: 00:09:01

Health: -1/34      AC: 10    Str: 18    XL:     6   Next: 18%
Magic:  7/10       EV: 12    Int: 17    God:
Gold:   84         SH:  0    Dex: 10    Spells: 10/11 levels left

rFire   . . .        i - +4 dagger
rCold   . . .        (no shield)
rNeg    + . .        a - +0 robe
rPois   ∞            v - +0 helmet
rElec   +            (no cloak)
rCorr   .            c - +1 pair of gloves
SInv    .            l - +0 pair of boots
Will    +....        (no amulet)
Stlth   ++           u - ring of willpower
HPRegen 0.25/turn    p - +6 ring of strength
MPRegen 0.12/turn

%: no passive effects
@: no status effects
A: sickness immunity, AC +4, negative energy resistance 1, electricity
resistance, torment resistance 1, petrification resistance
a: no special abilities


You were on level 4 of the Dungeon.
You visited 1 branch of the dungeon, and saw 4 of its levels.

You collected 162 gold pieces.
You spent 78 gold pieces at shops.

Inventory:

Hand Weapons
 g - a +2 dagger of venom
 i - a +4 dagger (weapon)
Missiles
 d - 6 darts of dispersal
 f - 8 poisoned darts (quivered)
Armour
 a - a +0 robe (worn)
 c - a +1 pair of gloves (worn)
 l - a +0 pair of boots (worn)
 v - a +0 helmet (worn)
Jewellery
 p - a +6 ring of strength (right hand)
 u - a ring of willpower (left hand)
Wands
 n - a wand of charming (12)
 t - a wand of digging (5)
Scrolls
 h - 2 scrolls of silence
 j - a scroll of noise
 m - a scroll of immolation {unknown}
 q - a scroll of revelation {unknown}
 r - 2 scrolls of identify
 w - 2 scrolls of fog {unknown}
 x - a scroll of poison {unknown}
 y - a scroll of teleportation
Potions
 b - a potion of magic
 e - 2 potions of curing
 k - a potion of resistance {unknown}
 o - 2 potions of lignification {unknown}
 s - 2 potions of haste {unknown}


   Skills:
 + Level 1.1 Fighting
 + Level 1.7 Short Blades
 + Level 2.5 Dodging
 + Level 2.6 Stealth
 + Level 3.3 Spellcasting
 + Level 1.1 Conjurations
 + Level 5.5 Earth Magic


You had 10 spell levels left.
You knew the following spells:

 Your Spells              Type           Power      Damage    Failure   Level
a - Sandblast             Erth           42%        2d11      1%          1

Your spell library contained the following spells:

 Spells                   Type           Power      Damage    Failure   Level
 Passwall                 Erth           21%        N/A       5%          3
 Magic Dart               Conj           24%        1d4       11%         1
 Stone Arrow              Conj/Erth      28%        3d8       13%         3
 Blink                    Tloc           4%         N/A       26%         2
 Call Imp                 Summ           4%         N/A       26%         2
 Brom's Barrelling Bould  Conj/Erth      14%        2d4       41%         4
 Petrify                  Alch/Erth      12%        N/A       47%         4
 Malign Gateway           Summ/Tloc      1%         N/A       100%        7
 Summon Horrible Things   Summ           1%         N/A       100%        8


Dungeon Overview and Level Annotations

Branches:
Dungeon (4/15)
 Temple: D:4-7

Altars:
Hepliaklqana
Uskayaw

Shops:
D:2 *(?**

Annotations:
D:4 2 transporters


Innate Abilities, Weirdness & Mutations

You are immune to sickness and miasma.
Your stone body is resilient. (AC +4)
You are immune to poison.
You resist negative energy. (rN+)
You are resistant to electric shocks. (rElec)
You are resistant to unholy torment.
You are immune to petrification.


Message History

A ball python comes into view.
A dart slug comes into view.
Things that are here:
a +0 dagger; 5 stones
Casting: Sandblast (safe; 1% risk of failure)
Confirm with . or Enter, or press ? or * to list all spells.
Aiming: Sandblast (safe; 1% risk of failure)
Press: ? - help, Shift-Dir - straight line, f - ogre
Aim: an ogre, wielding a +0 giant club (92% to hit)
The blast of sand hits the ogre!
The ogre is heavily wounded.
The ball python hisses angrily.
A goblin comes into view. It is wielding a +0 dagger.
Unknown command.
Unknown command.
Casting: Sandblast (safe; 1% risk of failure)
Confirm with . or Enter, or press ? or * to list all spells.
Aiming: Sandblast (safe; 1% risk of failure)
Press: ? - help, Shift-Dir - straight line, f/p - ogre
Aim: an ogre, wielding a +0 giant club (heavily wounded, 92% to hit)
The blast of sand hits the ogre!
The ogre is severely wounded.
The goblin shouts!
The ogre barely misses you.
You hit the ogre but do no damage.
The ogre is severely wounded.
The ogre hits you with a +0 giant club!!
Ouch! That really hurt!
You hit the ogre.
The ogre is almost dead.
The dart slug launches a dart at you.
The slug dart hits you but does no damage.
Casting: Sandblast (safe; 1% risk of failure)
Confirm with . or Enter, or press ? or * to list all spells.
Aiming: Sandblast (safe; 1% risk of failure)
Press: ? - help, Shift-Dir - straight line, f/p - ogre
Aim: an ogre, wielding a +0 giant club (almost dead, 92% to hit)
The blast of sand misses the ogre.
The blast of sand hits the ball python!
You kill the ball python!
The ogre hits you with a +0 giant club!
You die...

......##.....
#...........#
......#
......#####.#.#####
...... ..... #.#.#
.....#
.....#####.#.#
.............#
..........##.#
..........##.#
........)....#
.....#.@####.# .###
#O.# #.# g.w.# #.#
......# ###
..#...... .........
##$...... #........


You could see an ogre, a dart slug and a goblin.

Vanquished Creatures
  2 scorpions (D:4)
  A bombardier beetle (D:4)
  Robin (D:3)
  An adder (D:3)
  5 dart slugs
  4 bats
  11 endoplasms
  A giant cockroach (D:3)
  17 goblins
  6 hobgoblins
  6 kobolds
  2 quokkas
  13 ball pythons
  3 frilled lizards (D:1)
  A rat (D:1)
  A spectral goblin (D:1)
75 creatures vanquished.

Notes
Turn   | Place    | Note
-------+----------+-------------------------------------------
     0 | D:1      | Pixllover the Gargoyle Earth Elementalist began the quest
                  | for the Orb.
     0 | D:1      | Reached XP level 1. HP: 10/10 MP: 3/3
   144 | D:1      | Found a faded altar of an unknown god.
   147 | D:1      | Reached skill level 4 in Earth Magic
   185 | D:1      | Reached XP level 2. HP: 15/15 MP: 3/5
   416 | D:1      | Reached XP level 3. HP: 19/19 MP: 6/6
   795 | D:2      | Found Cafeathrory's General Store.
  1116 | D:2      | Found Femic's Antique Weapon Shop.
  1188 | D:2      | Found Ocimpyin's Magic Scroll Shop.
  1196 | D:2      | Bought a scroll of identify for 28 gold pieces
  1196 | D:2      | Bought a scroll of noise for 14 gold pieces
  1221 | D:2      | Found Patsocas's Assorted Antiques.
  1226 | D:2      | Bought a white potion for 17 gold pieces
  1226 | D:2      | Bought a scroll labelled VIHOAT UGHIME for 19 gold pieces
  1754 | D:2      | Found Uloqew's General Store.
  1791 | D:3      | Noticed Robin
  1979 | D:3      | Reached XP level 4. HP: 17/24 MP: 7/7
  2038 | D:3      | Identified the +1 pair of gloves "Qyozapuo" {Harm rN+
                  | Will++ MP-9}
  2229 | D:3      | Reached skill level 5 in Earth Magic
  2489 | D:3      | Killed Robin
  2534 | D:4      | Found a transporter.
  2534 | D:4      | Noticed a bullfrog
  2536 | D:4      | Found a hazy altar of Hepliaklqana.
  2537 | D:4      | Noticed a wyvern
  2538 | D:4      | Found a hide-covered altar of Uskayaw.
  2555 | D:4      | Found a transporter.
  2606 | D:4      | Noticed a scorpion
  2620 | D:4      | Killed a scorpion
  2621 | D:4      | Reached skill level 1 in Short Blades
  2621 | D:4      | Reached XP level 5. HP: 24/28 MP: 9/9
  2637 | D:4      | Reached skill level 1 in Fighting
  2700 | D:4      | Reached XP level 6. HP: 34/34 MP: 10/10
  2790 | D:4      | Slain by an ogre

Illustrated notes

Levels and vault maps discovered:
D:1:      dpeg_arrival_shelter, layout_loops_ring,
          dreamdust_ecumenical_altar_drowned_temple, serial_glass,
          glass_columns_c, glass_columns_a
D:2:      layout_basic, serial_shops, shop, shop_fountains, shop, shop,
          nicolae_shop_tiny_real_fake_doors
D:3:      layout_basic, serial_bayou_pond_e, uniq_robin
D:4:      layout_basic, nemelex_diamond_rough_becter, lemuel_tele_altar,
          gammafunk_temple_overflow_arena, uniq_sigmund

Skill      XL: |  1  2  3  4  5 |
---------------+----------------+-----
Earth Magic    | 4 5 |  5.5
Dodging        | 2 |  2.5
Short Blades   | 1 |  1.7
Spellcasting   | 3 |  3.3
Fighting       | 1 |  1.1
Stealth        | |  2.6
Conjurations   | |  1.1

Action                     |  1- 3 |  4- 6 || total
---------------------------+-------+-------++-------
  Melee: Dagger            |    69 |    81 ||   150
         Punch             |       |     1 ||     1
   Cast: Sandblast         |    17 |    24 ||    41
    Use: Scroll            |     5 |       ||     5
 Armour: Robe              |    35 |    47 ||    82
  Dodge: Dodged            |    58 |    52 ||   110

Table legend: (Time is in decaauts)
 A = Elapsed time spent in this place.
 B = Non-inter-level travel time spent in this place.
 C = Inter-level travel time spent in this place.
 D = Time resting spent in this place.
 E = Time spent auto-exploring this place.
 F = Levels seen in this place.
 G = Mean time per level.
                   A        B        C        D        E       F      G
               +--------+--------+--------+--------+--------+-----+--------+
         Total |   2812 |   2749 |     63 |     38 |   1364 |   4 |  703.0 |
       Dungeon |   2812 |   2749 |     63 |     38 |   1364 |   4 |  703.0 |
               +--------+--------+--------+--------+--------+-----+--------+

Top non-repeatable levels by time:
     D:2: 1053 daAuts
     D:1: 795 daAuts
     D:3: 694 daAuts
     D:4: 269 daAuts
